 Dungeon Crawl Stone Soup version 0.31-a0-965-g8a8ce12e04 (webtiles) character file.

Game seed: 6703459178982608299

2293 lunkers the Martial Artist (level 9, 0/71 HPs)
             Began as a Meteoran Shapeshifter on Oct 26, 2023.
             Was an Initiate of Gozag.
             Slain by a two-headed ogre
             ... wielding a +0 giant club
              (27 damage)
             ... on level 7 of the Dungeon.
             The game lasted 00:09:02 (2772 turns).

lunkers the Martial Artist (Meteoran Shapeshifter)  Turns: 2772, Time: 00:09:03

Health: 0/71       AC:  6    Str: 17    XL:     9   Next: 99%
Magic:  10/10      EV: 11    Int: 11    God:    Gozag
Gold:   747        SH:  4    Dex: 18    Spells: 8/8 levels left

rFire   . .          .
                       - Unarmed
rCold   . . .        t - +0 buckler
rNeg    . . .        m - +0 scale mail
rPois   .            (helmet currently unavailable)
rElec   .            (cloak currently unavailable)
rCorr   .            (gloves currently unavailable)
SInv    .            (boots currently unavailable)
Will    +....        (no amulet) Stlth
                     f - ring of flight
HPRegen 0.31/turn    (no ring)
MPRegen 0.12/turn

%: no passive effects
@: beast-form, flying, glowing, studying Fighting
A: beast (slay +4), sense surroundings 2, otherworldly, glowing, explore regen
a: Begin Untransformation, Renounce Religion, Potion Petition, Call Merchant,
Bribe Branch


You were on level 7 of the Dungeon.
You worshipped Gozag.
Gozag was pleased with you.
You were a hulking beast.
You visited 1 branch of the dungeon, and saw 7 of its levels.

You collected 830 gold pieces.
You paid 83 gold pieces to Gozag.

Inventory:

Missiles
 q - 6 curare-tipped darts
Armour
 g - a +0 pair of boots
 h - a +0 cloak
 m - a +0 scale mail (worn)
 n - a +0 helmet
 r - a +0 helmet
 t - a +0 buckler (worn)
 v - a +0 pair of gloves
Jewellery
 f - a ring of flight (left hand)
Talismans
 c - a beast talisman
 d - a flux talisman
Wands
 j - a wand of quicksilver (6)
 s - a wand of roots (4)
 u - a wand of charming (6)
Scrolls
 e - 5 scrolls of identify
 p - a scroll of enchant weapon
Potions
 a - a potion of resistance
 b - 2 potions of heal wounds
 i - a potion of haste {unknown}
 l - a potion of brilliance
 o - a potion of invisibility


   Skills:
 + Level 4.0 Fighting
 + Level 4.4 Dodging
 * Level 11.4 Unarmed Combat
 + Level 7.9 Shapeshifting


You had 8 spell levels left.
You didn't know any spells.
Your spell library contained the following spells:

 Spells                   Type           Power      Damage    Failure   Level
 Slow                     Hex            0%         N/A       86%         1
 Confusing Touch          Hex            0%         N/A       99%         3
 Dazzling Flash           Conj/Hex       0%         N/A       99%         3
 Sigil of Binding         Hex            0%         N/A       99%         3
 Vampiric Draining        Necr           0%         2d6       99%         3
 Volatile Blastmotes      Fire/Tloc      0%         2d10      99%         3
 Dimensional Bullseye     Hex/Tloc       0%         N/A       100%        4
 Summon Forest            Summ/Tloc      0%         N/A       100%        5
 Bombard                  Conj/Erth      0%         9d1       100%        6
 Starburst                Conj/Fire      0%         6d3       100%        6
 Maxwell's Capacitive Co  Air            0%         ∞         100%        8


Dungeon Overview and Level Annotations

Branches:
Dungeon (7/15) Zot: 1472   Temple (0/1) D:4

Altars:
Ashenzari
Dithmenos
Gozag
Hepliaklqana
Makhleb
Yredelemnul
Zin


Innate Abilities, Weirdness & Mutations

You are a hulking beast.
Your limbs bulge with bestial killing power. (Slay +4)
You passively map the area around you.
You are easily found by Zot.
You glow in the dark.
You regain HP and MP as you explore.


Message History

The iguana bites you!
* * * LOW HITPOINT WARNING * * *
You barely miss the iguana.
The iguana is heavily wounded.
You punch the iguana!
You kill the iguana!
Your Fighting skill increases to level 4!
You now have 747 gold pieces (gained 7).
Found a stone staircase leading down.
A two-headed ogre comes into view. It is wielding two +0 giant clubs.
The two-headed ogre shouts in stereo!
You hear an angry hiss.
An iguana comes into view.
You barely miss the two-headed ogre.
The two-headed ogre hits you with a +0 giant club!
* * * LOW HITPOINT WARNING * * *
The two-headed ogre hits you with a +0 giant club!!
* * * LOW HITPOINT WARNING * * *
You feel much better. The two-headed ogre barely misses you.
You block the two-headed ogre's attack.
Unknown command.
You punch the two-headed ogre!
The two-headed ogre is moderately wounded.
The iguana bites you!
* * * LOW HITPOINT WARNING * * *
You closely miss the two-headed ogre.
The two-headed ogre is moderately wounded.
The iguana bites you.
* * * LOW HITPOINT WARNING * * *
The two-headed ogre barely misses you.
The two-headed ogre hits you with a +0 giant club!
* * * LOW HITPOINT WARNING * * *
You barely miss the two-headed ogre.
The two-headed ogre is moderately wounded.
The iguana barely misses you.
Unknown command.
You hit the two-headed ogre.
The two-headed ogre is moderately wounded.
The two-headed ogre hits you with a +0 giant club!!
You die...
Your body crumbles into a pile of gold.

, * * , ##.## # ,
#####...## *.# *
...#.....#########.# *
##.##..............
......(#.####..#.#
##.###........lO.#
#......)###.###h# , *
#....##.##..#
######.##..#.#..####
.......###.#.#.....#*
######.#...#.#...#..#
#.#.#.#.#.#.##.#
#....##.##...#.####
.####..###.).###......#
,
..........##.##....###.#


You could see a two-headed ogre and an iguana.

Vanquished Creatures
  A gargoyle (D:7)
  Prince Ribbit (D:5)
  Edmund (D:6)
  A water moccasin (D:7)
  2 sky beasts (D:6)
  2 black bears (D:5)
  2 bullfrogs (D:6)
  A phantom (D:5)
  2 scorpions
  4 wights
  A jelly (D:5)
  2 orc priests (D:5)
  Crazy Yiuf (D:2)
  4 hounds
  A gnoll bouda (D:6)
  4 iguanas
  Terence (D:2)
  Natasha (D:2)
  2 orc wizards
  Robin (D:4)
  4 gnolls (D:6)
  9 adders
  2 white imps
  A worm (D:2)
  A dart slug (D:4)
  15 orcs
  5 ball pythons
  3 bats
  8 endoplasms
  3 giant cockroaches
  12 goblins
  7 hobgoblins
  13 jackals
  3 quokkas
  A frilled lizard (D:3)
  5 kobolds
  6 rats
133 creatures vanquished.

Notes
Turn   | Place    | Note
-------+----------+-------------------------------------------
     0 | D:1      | lunkers the Meteoran Shapeshifter began the quest for the
                  | Orb.
     0 | D:1      | Reached XP level 1. HP: 16/16 MP: 2/2
    46 | D:1      | Reached skill level 4 in Unarmed Combat
    46 | D:1      | Reached XP level 2. HP: 21/23 MP: 3/3
   131 | D:1      | Reached XP level 3. HP: 21/28 MP: 4/4
   503 | D:1      | Glimpsed the power of Zot.
   553 | D:1      | Glimpsed the power of Zot.
   561 | D:2      | Identified the "Guymuer"
   634 | D:2      | Reached skill level 5 in Unarmed Combat
   634 | D:2      | Reached XP level 4. HP: 25/35 MP: 5/5
   700 | D:2      | Found a runed translucent door.
   701 | D:2      | Noticed Crazy Yiuf
   710 | D:2      | Killed Crazy Yiuf
   846 | D:2      | Reached XP level 5. HP: 36/40 MP: 6/6
   988 | D:2      | Noticed Natasha
  1004 | D:2      | Killed Natasha
  1014 | D:2      | Noticed Terence
  1017 | D:2      | Killed Terence
  1018 | D:2      | Reached skill level 6 in Unarmed Combat
  1087 | D:3      | Reached XP level 6. HP: 47/47 MP: 7/7
  1120 | D:3      | Reached skill level 5 in Shapeshifting
  1159 | D:3      | Found a burning altar of Makhleb.
  1159 | D:3      | Found an opulent altar of Gozag.
  1164 | D:3      | Found a glowing silver altar of Zin.
  1174 | D:3      | Became a worshipper of Gozag Ym Sagoz the Greedy
  1255 | D:4      | Found a hazy altar of Hepliaklqana.
  1355 | D:4      | Reached skill level 7 in Unarmed Combat
  1406 | D:4      | Noticed Robin
  1424 | D:4      | Killed Robin
  1425 | D:4      | Reached XP level 7. HP: 47/52 MP: 8/8
  1474 | D:4      | Found a staircase to the Ecumenical Temple.
  1486 | D:4      | You are sucked into a shaft and drop 1 floor!
  1486 | D:5      | Entered Level 5 of the Dungeon
  1518 | D:5      | Found a broken altar of Ashenzari.
  1686 | D:5      | Found a basalt altar of Yredelemnul.
  1735 | D:5      | Identified the +2 whip of the Eternal Void {flame, Str+4}
  1772 | D:5      | Reached skill level 8 in Unarmed Combat
  1823 | D:5      | Found a shadowy altar of Dithmenos.
  1914 | D:5      | Reached XP level 8. HP: 14/59 MP: 9/9
  2019 | D:6      | Noticed Prince Ribbit
  2043 | D:5      | Reached skill level 9 in Unarmed Combat
  2046 | D:5      | Killed Prince Ribbit
  2249 | D:6      | Reached skill level 10 in Unarmed Combat
  2249 | D:6      | Gained mutation: You passively map the area around you.
                  | [Meteoran growth]
  2249 | D:6      | Reached XP level 9. HP: 57/67 MP: 10/10
  2251 | D:6      | Noticed Edmund
  2270 | D:6      | Killed Edmund
  2660 | D:6      | Reached skill level 11 in Unarmed Combat
  2729 | D:7      | Noticed a gargoyle
  2738 | D:7      | Killed a gargoyle
  2764 | D:7      | Noticed a two-headed ogre
  2772 | D:7      | Slain by a two-headed ogre

Illustrated notes

Levels and vault maps discovered:
D:1:      minmay_arrival_hallway, layout_loops_ring, minmay_tromino_mix6
D:2:      layout_basic, serial_curves, eino_curves_01, eino_curves_04,
          eino_curves_04, uniq_crazy_yiuf_cottage, uniq_natasha, uniq_terence
D:3:      layout_rooms, nicolae_overflow_hidden_temple,
          grunt_temple_overflow_open
D:4:      kennysheep_the_goblin_king, layout_cave_pools,
          mainiacjoe_overflow_alcove_4, mainiacjoe_overflow_paths,
          nicolae_hepliaklqana_hazy_memory, minmay_temple_entry_large_hall,
          dk_noncrumbling_3, uniq_robin
D:5:      layout_loops_ring, grunt_dithmenos_smoke_and_mirrors,
          mainiacjoe_overflow_tiny_flanked, nicolae_ashenzari_skybound
D:6:      layout_loops_cross, dreamdust_princess_bridge, nicolae_half_adder,
          uniq_prince_ribbit1, uniq_edmund, uniq_maggie
D:7:      layout_loops_corners, gammafunk_temple_overflow_wave,
          minmay_manual_monstrance

Skill      XL: |  1  2  3  4  5  6  7  8  9 |
---------------+----------------------------+-----
Unarmed Combat | 4 5 6 7 8 10 11 | 11.4
Shapeshifting  | 4 5 6 7 |  7.9
Fighting       | 4 |  4.0
Dodging        | 4 |  4.4

Action                     |  1- 3 |  4- 6 |  7- 9 || total
---------------------------+-------+-------+-------++-------
  Melee: Unarmed           |    76 |   105 |   196 ||   377
         Punch             |     1 |     4 |       ||     5
  Evoke: Wand              |       |     2 |     8 ||    10
    Use: Potion            |       |       |     5 ||     5
         Scroll            |       |       |     8 ||     8
 Armour: Animal skin       |    40 |    18 |       ||    58
         Scale mail        |       |    54 |   143 ||   197
         Skin              |       |       |     2 ||     2
  Dodge: Dodged            |    56 |    61 |    80 ||   197
  Block: Buckler           |       |       |    22 ||    22

Table legend: (Time is in decaauts)
 A = Elapsed time spent in this place.
 B = Non-inter-level travel time spent in this place.
 C = Inter-level travel time spent in this place.
 D = Time resting spent in this place.
 E = Time spent auto-exploring this place.
 F = Levels seen in this place.
 G = Mean time per level.
                   A        B        C        D        E       F      G
               +--------+--------+--------+--------+--------+-----+--------+
         Total |   2727 |   2666 |     61 |     25 |   1524 |   7 |  389.6 |
       Dungeon |   2727 |   2666 |     61 |     25 |   1524 |   7 |  389.6 |
               +--------+--------+--------+--------+--------+-----+--------+

Top non-repeatable levels by time:
     D:5: 693 daAuts
     D:1: 557 daAuts
     D:2: 489 daAuts
     D:6: 469 daAuts
     D:4: 241 daAuts
     D:3: 176 daAuts
     D:7: 99 daAuts
